 Dungeon Crawl Stone Soup version 0.30-a0-778-g2ef04afb54 (webtiles) character file.

Game seed: 12125974414544881691

296 Leeroy the Carver (level 6, -5/44 HPs)
             Began as a Merfolk Gladiator on Feb 16, 2023.
             Killed by divine providence
             ... invoked by an orc priest
              (14 damage)
             ... on level 4 of the Dungeon.
             The game lasted 00:02:47 (2956 turns).

Leeroy the Carver (Merfolk Gladiator)               Turns: 2956, Time: 00:02:48

Health: -5/44      AC:  4    Str: 15    XL:     6   Next: 34%
Magic:  6/6        EV: 13    Int:  7    God:
Gold:   116        SH:  0    Dex: 17    Spells: 5/5 levels left

rFire   . . .      SeeInvis .    a - +0 long sword
rCold   . . .      Faith    .    (no shield)
rNeg    . . .      Spirit   .    b - +0 leather armour
rPois   .          Reflect  .    c - +0 helmet
rElec   .          Harm     .    (no cloak)
rCorr   .          Rampage  .    (no gloves)
Will    .....                    (no boots)
Stlth   +                        (no amulet)
HPRegen 0.27/turn                (no ring)
MPRegen 0.10/turn                (no ring)

@: confused
A: (nimble swimmer 2), mertail
a: no special abilities


You were on level 4 of the Dungeon.
You visited 1 branch of the dungeon, and saw 4 of its levels.

You collected 116 gold pieces.

Inventory:

Hand Weapons
 a - a +0 long sword (weapon)
Missiles
 d - 3 throwing nets (quivered)
 e - a javelin
 f - 11 poisoned darts
 q - 6 atropa-tipped darts
Armour
 b - a +0 leather armour (worn)
 c - a +0 helmet (worn)
 k - a +0 plate armour
 n - a +0 chain mail of cold resistance
Scrolls
 l - 4 scrolls of identify {unknown}
 m - 2 scrolls of amnesia {unknown}
 s - a scroll of poison {unknown}
 t - 2 scrolls of vulnerability {unknown}
 u - 3 scrolls of teleportation {unknown}
 v - a scroll of fog {unknown}
 w - a scroll of brand weapon {unknown}
 x - a scroll of enchant armour {unknown}
Potions
 g - a potion of invisibility {unknown}
 h - a potion of berserk rage {unknown}
 i - a potion of mutation {unknown}
 j - a potion of lignification {unknown}
 o - 6 potions of resistance {unknown}
 p - 3 potions of curing {unknown}
 r - a potion of haste {unknown}
 z - a potion of heal wounds {unknown}
 A - a potion of might {unknown}
 B - a potion of magic {unknown}
 C - a potion of degeneration {unknown}
 D - a potion of flight {unknown}


   Skills:
 - Level 2.1 Fighting
 + Level 8.3 Long Blades
 - Level 2.0 Throwing
 - Level 4.0 Dodging


You had 5 spell levels left.
You didn't know any spells.
Your spell library contained the following spells:

 Spells                   Type           Power      Damage    Failure   Level
 Kiss of Death            Conj/Necr      0%         2d5       50%         1
 Confusing Touch          Hex            0%         N/A       86%         3
 Dispel Undead            Necr           0%         3d6       99%         4


Dungeon Overview and Level Annotations

Branches:
Dungeon (4/15)
 Temple: D:4-7

Altars:
Gozag


Innate Abilities, Weirdness & Mutations

((You are very nimble when in or above water. (Stealth+, EV+, Speed+++)))
Your lower body shifts to a powerful aquatic tail in water.


Message History

The magic dart hits you!
You closely miss something. Something hits you.
You miss something.
The orc priest casts a cantrip, but nothing happens.
Something hits you but does no damage.
You hit something but do no damage. Something hits you but does no damage.
You miss something. Something barely misses you.
You hit something. You barely miss something.
The orc priest invokes the aid of Beogh against you.
Something hits you.
You barely miss something. Something hits you.
You closely miss something. Something hits you.
You miss something. Something hits you.
You barely miss something.
The orc priest mumbles some strange prayers to Beogh against you.
Something writhes in agony.
You hear some strange, mumbled words.
Something tries to affect you, but you resist.
You hit something but do no damage. Something hits you.
You hit something.
You hear some strange, mumbled words.
A magic dart appears from out of thin air!
The magic dart hits you!
* * * LOW HITPOINT WARNING * * *
You miss something. Something hits you but does no damage.
You miss something.
The orc priest looks encouraged for a moment.
Something barely misses you.
You closely miss something.
The orc priest begins to cast a cantrip, but forgets the words!
Something hits you but does no damage.
You miss something.
You hear some strange, mumbled words.
You are confused.
You bump into the rock wall.
Something hits you but does no damage.
You miss something.
The orc priest mumbles some strange prayers to Beogh against you.
Beogh smites you!
You die...

.... ..O .#
.....##.###.##
...<#...#...###
......#O.......
#...#...### ##.###.## #
#......#### #####.###
#..#####... .....o{@##
#...O......
..##.###.#####.######O..
#.........######...
#.#.#.........)....
#...##.##########<#.
..... #.# #.#. ####.#
#.# #.#. ## #.# #... #.#
###


You could see an orc priest.

Vanquished Creatures
  A phantom (D:3)
  Natasha (twice) (D:2)
  2 orc wizards (D:4)
  4 adders
  2 dart slugs
  2 worms (D:2)
  An orc (D:4)
  2 ball pythons (D:1)
  6 bats
  9 endoplasms
  2 giant cockroaches
  15 goblins
  7 hobgoblins
  8 jackals
  4 quokkas (D:1)
  8 frilled lizards
  4 kobolds
  13 rats
92 creatures vanquished.

Notes
Turn   | Place    | Note
-------+----------+-------------------------------------------
     0 | D:1      | Leeroy the Merfolk Gladiator began the quest for the Orb.
     0 | D:1      | Reached XP level 1. HP: 16/16 MP: 1/1
    55 | D:1      | Reached skill level 4 in Long Blades
   124 | D:1      | Reached XP level 2. HP: 19/22 MP: 2/2
   335 | D:1      | Reached XP level 3. HP: 11/27 MP: 3/3
   337 | D:1      | Reached skill level 5 in Long Blades
  1148 | D:2      | Reached XP level 4. HP: 33/33 MP: 4/4
  1314 | D:2      | Reached skill level 6 in Long Blades
  1602 | D:2      | Noticed Natasha
  1610 | D:2      | Killed Natasha
  1768 | D:2      | Reached XP level 5. HP: 38/38 MP: 5/5
  2024 | D:2      | Noticed Natasha
  2034 | D:2      | Killed Natasha
  2035 | D:2      | Reached skill level 7 in Long Blades
  2126 | D:3      | Found an opulent altar of Gozag.
  2639 | D:4      | Noticed a phantom
  2639 | D:4      | Noticed an ogre
  2665 | D:3      | Killed a phantom
  2666 | D:3      | Reached skill level 8 in Long Blades
  2666 | D:3      | Reached XP level 6. HP: 11/44 MP: 6/6
  2956 | D:4      | Killed from afar by an orc priest

Illustrated notes

Levels and vault maps discovered:
D:1:      onia_arrival_handbag, layout_basic
D:2:      kennysheep_the_goblin_king, layout_basic, nicolae_figureground_pulse,
          uniq_natasha
D:3:      layout_rooms, mainiacjoe_overflow_brackets
D:4:      layout_loops_ring, minmay_temple_entry_tees,
          hellmonk_ghost_happy_afterlife

Skill      XL: |  1  2  3  4  5 |
---------------+----------------+-----
Long Blades    | 4 5 6 8 |  8.3
Fighting       | |  2.1
Throwing       | |  2.0
Dodging        | |  4.0

Action                     |  1- 3 |  4- 6 || total
---------------------------+-------+-------++-------
  Melee: Long sword        |   117 |   191 ||   308
         Punch             |       |     2 ||     2
         Tailslap          |       |     1 ||     1
   Stab: Sleeping          |     3 |     2 ||     5
 Armour: Leather armour    |    27 |    40 ||    67
         Chain mail        |    21 |       ||    21
         Plate armour      |     5 |       ||     5
  Dodge: Dodged            |    67 |    93 ||   160

Table legend: (Time is in decaauts)
 A = Elapsed time spent in this place.
 B = Non-inter-level travel time spent in this place.
 C = Inter-level travel time spent in this place.
 D = Time resting spent in this place.
 E = Time spent auto-exploring this place.
 F = Levels seen in this place.
 G = Mean time per level.
                   A        B        C        D        E       F      G
               +--------+--------+--------+--------+--------+-----+--------+
         Total |   2981 |   2909 |     72 |    198 |   2030 |   4 |  745.2 |
       Dungeon |   2981 |   2909 |     72 |    198 |   2030 |   4 |  745.2 |
               +--------+--------+--------+--------+--------+-----+--------+

Top non-repeatable levels by time:
     D:2: 1092 daAuts
     D:1: 1012 daAuts
     D:3: 748 daAuts
     D:4: 128 daAuts
